 Dungeon Crawl Stone Soup version 0.31-a0-833-gc15d34cb79 (webtiles) character file.

Game seed: 8825385550640105915

331 wildpjah the Shield-Bearer (level 6, -1/48 HPs)
             Began as a Formicid Fighter on Sept 25, 2023.
             Was a Believer of Ru.
             Succumbed to a scorpion's poison
             ... on level 4 of the Dungeon.
             The game lasted 00:05:45 (2901 turns).

wildpjah the Shield-Bearer (Formicid Fighter)       Turns: 2901, Time: 00:05:46

Health: -1/48      AC:  7    Str: 22    XL:     6   Next: 81%
Magic:  2/6        EV: 10    Int:  8    God:    Ru [**....]
Gold:   196        SH:  5    Dex: 13    Spells: 5/5 levels left

rFire   . . .        a - +0 war axe
rCold   . . .        c - +0 buckler
rNeg    . . .        b - +0 scale mail
rPois   .            (helmet unavailable)
rElec   .            r - scarf {shadows}
rCorr   .            (no gloves)
SInv    +            (no boots)
Will    .....        h - amulet of guardian spirit Stlth
                     (no ring)
HPRegen 0.28/turn    (no ring)
MPRegen 0.10/turn

%: guardian spirit
@: lethally poisoned (-1 -> -23)
A: permanent stasis, dig shafts and tunnels, antennae 3, hated by all, four
strong arms
a: Dig, Shaft Self, Renounce Religion


You were on level 4 of the Dungeon.
You worshipped Ru.
Ru was pleased with you.
You visited 1 branch of the dungeon, and saw 4 of its levels.

You collected 196 gold pieces.

Inventory:

Hand Weapons
 a - a +0 war axe (weapon)
Armour
 b - a +0 scale mail (worn)
 c - a +0 buckler (worn)
 l - a +0 cloak
 r - a scarf of shadows (worn)
Jewellery
 h - an amulet of guardian spirit (around neck)
 n - a ring of resist corrosion
Scrolls
 i - a scroll of fear {unknown}
 j - a scroll of blinking {unknown}
 o - 2 scrolls of identify {unknown}
 p - 2 scrolls of vulnerability {unknown}
 q - 2 scrolls of silence {unknown}
 t - a scroll of poison {unknown}
 u - a scroll of fog {unknown}
 w - a scroll of noise {unknown}
 x - a scroll of enchant armour {unknown}
Potions
 d - a potion of might
 e - 3 potions of curing {unknown}
 f - 2 potions of degeneration {unknown}
 g - 2 potions of berserk rage {unknown}
 k - a potion of magic {unknown}
 m - a potion of resistance {unknown}
 s - 2 potions of heal wounds {unknown}
 v - a potion of mutation {unknown}


   Skills:
 + Level 4.2 Fighting
 + Level 4.7 Axes
 + Level 4.3 Armour
 + Level 1.7 Dodging
 + Level 0.2 Stealth
 + Level 4.7 Shields


You had 5 spell levels left.
You didn't know any spells.
Your spell library contained the following spells:

 Spells                   Type           Power      Damage    Failure   Level
 Apportation              Tloc           0%         N/A       80%         1
 Magic Dart               Conj           0%         1d3       80%         1
 Necrotise                Necr           0%         1d4       80%         1
 Searing Ray              Conj           0%         2d4       90%         2
 Dazzling Flash           Conj/Hex       0%         N/A       99%         3
 Fulminant Prism          Conj/Hex       0%         3d5       100%        4
 Agony                    Necr           0%         N/A       100%        5
 Silence                  Hex/Air        0%         N/A       100%        5
 Summon Small Mammal      Summ           Unusable   N/A       N/A         1

Dungeon Overview and Level Annotations

Branches:
Dungeon (4/15)
 Temple: D:4-7

Altars:
Gozag
Kikubaaqudgha
Ru


Innate Abilities, Weirdness & Mutations

You cannot be hasted, slowed, berserked, paralysed or teleported.
You can dig through walls and to a lower floor.
You have a pair of large antennae on your head. (SInv)
You are hated by all.
Your four strong arms can wield two-handed weapons with a shield.


Message History

You hit the scorpion but do no damage.
The scorpion is heavily wounded.
You feel very sick. The scorpion barely misses you.
You are too injured to fight recklessly!
You are too injured to fight recklessly!
You are too injured to fight recklessly!
You are too injured to fight recklessly!
You are too injured to fight recklessly!
You are too injured to fight recklessly!
You are too injured to fight recklessly!
You are too injured to fight recklessly!
You are too injured to fight recklessly!
You are too injured to fight recklessly!
You hit the scorpion.
The scorpion is severely wounded.
You feel very sick. You block the scorpion's attack.
The scorpion closely misses you.
You hit the scorpion but do no damage.
The scorpion is severely wounded.
You feel sick. The scorpion stings you.
You are more poisoned.
The scorpion poisons you!
You barely miss the scorpion.
The scorpion is severely wounded.
* * * LOW HITPOINT WARNING * * *
You feel very sick. You block the scorpion's attack. The scorpion stings you.
* * * LOW HITPOINT WARNING * * *
You hit the scorpion.
The scorpion is almost dead.
* * * LOW HITPOINT WARNING * * *
You feel very sick. The scorpion stings you.
* * * LOW HITPOINT WARNING * * *
You are more poisoned.
The scorpion poisons you!
You closely miss the scorpion.
The scorpion is almost dead.
You die...

####...#..##
8..#........### {
_..............
8..#........#.#
######.###....# #.# #(#
###### ## #.# #.#
....#####.####.########
#..s@................
#####################


You could see a scorpion.

Vanquished Creatures
  An iguana (D:3)
  Natasha (thrice) (D:2)
  Terence (D:3)
  Robin (D:3)
  4 gnolls
  7 adders
  2 worms
  3 dart slugs
  2 orcs
  4 endoplasms (D:1)
  17 goblins
  5 hobgoblins
  9 jackals
  5 quokkas
  A ball python (D:1)
  7 bats
  A frilled lizard (D:1)
  5 kobolds
  6 rats
84 creatures vanquished.

Notes
Turn   | Place    | Note
-------+----------+-------------------------------------------
     0 | D:1      | wildpjah the Formicid Fighter began the quest for the Orb.
     0 | D:1      | Reached XP level 1. HP: 18/18 MP: 1/1
   183 | D:1      | Reached XP level 2. HP: 24/24 MP: 2/2
   389 | D:1      | Reached XP level 3. HP: 29/29 MP: 3/3
   456 | D:1      | Found a faded altar of an unknown god.
   471 | D:1      | Prayed at the altar of an unknown god.
   471 | D:1      | Became a worshipper of Ru the Awakened
   477 | D:1      | Gained mutation: You are hated by all. [Ru sacrifice]
   477 | D:1      | Reached * piety under Ru
   477 | D:1      | Reached ** piety under Ru
   874 | D:2      | Reached XP level 4. HP: 37/37 MP: 4/4
  1041 | D:2      | Noticed Natasha
  1047 | D:2      | Killed Natasha
  1162 | D:2      | Noticed Natasha
  1168 | D:2      | Killed Natasha
  1169 | D:2      | Reached XP level 5. HP: 39/42 MP: 3/5
  1293 | D:2      | Noticed Natasha
  1299 | D:2      | Killed Natasha
  1334 | D:2      | Reached skill level 1 in Dodging
  1710 | D:3      | Reached XP level 6. HP: 43/48 MP: 6/6
  1931 | D:3      | Noticed Robin
  1944 | D:3      | Killed Robin
  2179 | D:3      | Noticed Terence
  2189 | D:3      | Killed Terence
  2676 | D:4      | Found an ancient bone altar of Kikubaaqudgha.
  2713 | D:4      | Found a sacrificial altar of Ru.
  2765 | D:4      | Found an opulent altar of Gozag.
  2901 | D:4      | Succumbed to a scorpion's poison

Illustrated notes

Levels and vault maps discovered:
D:1:      matt_arrival_los_fun, layout_loops_ring,
          ebering_ecumenical_altar_ruins, nicolae_eternal_life,
          dreamdust_princess_corridor
D:2:      layout_basic, uniq_natasha
D:3:      kennysheep_goblin_castle, layout_loops_cross, uniq_terence
D:4:      layout_loops_ring, grunt_temple_overflow_growth_and_decay,
          mainiacjoe_overflow_chevrons, grunt_dithmenos_smoke,
          grunt_gozag_breadcrumbs, dk_noncrumbling_3

Skill      XL: |  1  2  3  4  5  6 |
---------------+-------------------+-----
Axes           | 3 4 |  4.7
Armour         | 4 |  4.3
Fighting       | 4 |  4.2
Dodging        | 1 |  1.7
Stealth        | |  0.2
Shields        | |  4.7

Action                     |  1- 3 |  4- 6 || total
---------------------------+-------+-------++-------
  Melee: War axe           |    72 |   171 ||   243
 Invoke: Sacrifice Love    |     1 |       ||     1
   Stab: Invisible         |       |     2 ||     2
 Armour: Scale mail        |    49 |   134 ||   183
  Dodge: Dodged            |    48 |    93 ||   141
  Block: Buckler           |    17 |    48 ||    65

Table legend: (Time is in decaauts)
 A = Elapsed time spent in this place.
 B = Non-inter-level travel time spent in this place.
 C = Inter-level travel time spent in this place.
 D = Time resting spent in this place.
 E = Time spent auto-exploring this place.
 F = Levels seen in this place.
 G = Mean time per level.
                   A        B        C        D        E       F      G
               +--------+--------+--------+--------+--------+-----+--------+
         Total |   2987 |   2908 |     79 |      0 |   2277 |   4 |  746.8 |
       Dungeon |   2987 |   2908 |     79 |      0 |   2277 |   4 |  746.8 |
               +--------+--------+--------+--------+--------+-----+--------+

Top non-repeatable levels by time:
     D:3: 1179 daAuts
     D:2: 804 daAuts
     D:1: 766 daAuts
     D:4: 236 daAuts
